 Dungeon Crawl Stone Soup version 0.29.1-15-g9cfb28693d (webtiles) character file.

Game seed: 8862383731710707069

662412 Peloso the Minotaur Barricade (level 27, -4/271 (273) HPs)
             Began as a Minotaur Fighter on Mar 16, 2023.
             Was a High Priest of Okawaru.
             Killed by a guardian mummy's death curse (8 damage)
             ... on level 9 of a ziggurat on Mar 17, 2023.
             The game lasted 05:41:37 (107998 turns).

Peloso the Minotaur Barricade (Minotaur Fighter)  Turns: 107998, Time: 05:41:38

HP:   -4/271 (273)  AC: 52    Str: 42    XL:     27
MP:   32/34         EV: 15    Int:  4    God:    Okawaru [*****.]
Gold: 10769         SH: 33    Dex: 14    Spells: 26/26 levels left

rFire   + + .      SeeInvis +   c - +9 double sword (holy)
rCold   + + +      Faith    .   d - +3 tower shield "Cuefro Myedgh" {rElec rPois rF+}
rNeg    + . .      Spirit   .   N - +12 gold dragon scales
rPois   +          Reflect  +   M - +0 mask of the Dragon {Will+ Slay+3 SInv}
rElec   +          Harm     .   V - +2 cloak of the Thief {*Fog Slay-2 SInv Stlth+}
rCorr   +          Rampage  +   g - +3 pair of gauntlets of War {Slay+5}
Will    +++..                   Q - +2 pair of boots {rampage}
Stlth   ..........              n - amulet of reflection
HPRegen 0.55/turn               f - ring of Roned {Drain rC++ rN+ Str+2 SInv}
MPRegen 0.24/turn               E - ring of Ygrareb {rElec rCorr Str+6}

@: heroic, finesse-ful, studying 8 skills, lightly drained
A: horns 2, retaliatory headbutt, mutation resistance 1, strong 1, MP-powered
wands
}: 5/15 runes: barnacled, slimy, silver, abyssal, gossamer
a: Renounce Religion, Heroism, Finesse, Duel


You were on level 9 of a ziggurat.
You worshipped Okawaru.
Okawaru was extremely pleased with you.
You visited 12 branches of the dungeon, and saw 54 of its levels.
You visited the Abyss 2 times.
You visited 1 bazaar.
You visited 1 ziggurat, and saw 9 of its levels.
You also visited: Trove, Bailey, Ice Cave, Volcano and Wizlab.

You collected 12972 gold pieces.
You spent 2203 gold pieces at shops.

Inventory:

Hand Weapons
 a - a +9 double sword of flaming
 b - the +3 long sword "Elaini Doqe" {vamp, Str+3}
   (You bought it in a shop in a bazaar)

   It occasionally heals its wielder for a portion of the damage dealt when it
   wounds a living foe.
   Str:       It affects your strength (+3).
 c - a +9 double sword of holy wrath (weapon)
 y - the +10 scimitar of the Lonely Places {venom, rN+ Dex+3 Stlth+}
   (You found it on level 8 of a ziggurat)

   It poisons the flesh of those it strikes.
   Dex:       It affects your dexterity (+3).
   rN:        It protects you from negative energy.
   Stlth:     It makes you more stealthy.
Armour
 d - the +3 tower shield "Cuefro Myedgh" (worn) {rElec rPois rF+}
   (Okawaru gifted it to you on level 14 of the Dungeon)

   rF:        It protects you from fire.
   rElec:     It insulates you from electricity.
   rPois:     It protects you from poison.
 g - the +3 pair of gauntlets of War (worn) {Slay+5}
   (You found it on level 2 of the Elven Halls)

   Slay:      It affects your accuracy & damage with ranged weapons and melee
   (+5).
 M - the +0 mask of the Dragon (worn) {Will+ Slay+3 SInv}
   (You found it on level 4 of the Shoals)

   Slay:      It affects your accuracy & damage with ranged weapons and melee
   (+3).
   SInv:      It lets you see invisible.
   Will:      It increases your willpower.
 N - +12 gold dragon scales (worn)
 Q - a +2 pair of boots of rampaging (worn)
 V - the +2 cloak of the Thief (worn) {*Fog Slay-2 SInv Stlth+}
   (You found it in a volcano)

   It may release a thick cloud of smoke when the wearer is hurt.
   Slay:      It affects your accuracy & damage with ranged weapons and melee
   (-2).
   SInv:      It lets you see invisible.
   Stlth:     It makes you more stealthy.
Jewellery
 f - the ring of Roned (left hand) {Drain rC++ rN+ Str+2 SInv}
   (You acquired it in an ice cave)

   [ring of see invisible]

   Str:       It affects your strength (+2).
   rC:        It greatly protects you from cold.
   rN:        It protects you from negative energy.
   SInv:      It lets you see invisible.
   Drain:     It drains your maximum health when unequipped.
 i - a ring of ice
 n - an amulet of reflection (around neck)
 p - an amulet of regeneration
 E - the ring of Ygrareb (right hand) {rElec rCorr Str+6}
   (You found it on level 4 of the Depths)

   [ring of resist corrosion]

   Str:       It affects your strength (+6).
   rElec:     It insulates you from electricity.
   rCorr:     It protects you from acid and corrosion.
 I - the ring of Pasino Yvou {rPois Will+ Dex+4}
   (You found it on level 4 of the Depths)

   [ring of willpower]

   Dex:       It affects your dexterity (+4).
   rPois:     It protects you from poison.
   Will:      It increases your willpower.
Wands
 e - a wand of paralysis (6)
 x - a wand of light (10)
 U - a wand of digging (1)
Scrolls
 k - 10 scrolls of blinking
 m - 11 scrolls of poison
 o - a scroll of brand weapon
 r - 5 scrolls of butterflies
 s - 2 scrolls of enchant weapon
 t - 20 scrolls of teleportation
 u - 10 scrolls of magic mapping
 B - 8 scrolls of immolation
 X - 8 scrolls of fear
Potions
 j - 2 potions of invisibility
 l - 12 potions of might
 q - 15 potions of curing
 z - 5 potions of mutation
 K - 19 potions of haste
 P - a potion of berserk rage
Miscellaneous
 h - a phial of floods
 w - a tin of tremorstones (2/2)


   Skills:
 O Level 27 Fighting
 O Level 27 Long Blades
 + Level 10.8(15.8) Polearms
 O Level 27 Armour
 + Level 8.7(13.7) Dodging
 + Level 4.3(9.3) Stealth
 O Level 27 Shields
 + Level 16.4 Invocations
 + Level 8.7 Evocations


You had 26 spell levels left.
You didn't know any spells.
Your spell library contained the following spells:

 Spells                   Type           Power      Damage    Failure   Level
 Beastly Appendage        Tmut           0%         N/A       88%         1
 Foxfire                  Conj/Fire      0%         2x1d4     88%         1
 Freeze                   Ice            0%         1d3       88%         1
 Magic Dart               Conj           0%         1d3       88%         1
 Shock                    Conj/Air       0%         1d3       88%         1
 Slow                     Hex            0%         N/A       88%         1
 Sting                    Tmut/Pois      0%         1d3       88%         1
 Blink                    Tloc           0%         N/A       96%         2
 Ensorcelled Hibernation  Hex/Ice        0%         N/A       96%         2
 Passwall                 Tmut/Erth      0%         N/A       96%         2
 Poisonous Vapours        Pois/Air       0%         N/A       96%         2
 Searing Ray              Conj           0%         2d4       96%         2
 Static Discharge         Conj/Air       0%         3-3/arc   96%         2
 Sublimation of Blood     Necr           0%         N/A       96%         2
 Wereblood                Tmut           0%         N/A       96%         2
 Confusing Touch          Hex            0%         N/A       99%         3
 Conjure Flame            Conj/Fire      0%         6-21      99%         3
 Frozen Ramparts          Ice            0%         1d1       99%         3
 Gell's Gravitas          Tloc           0%         N/A       99%         3
 Ignite Poison            Fire/Tmut/Pois 0%         N/A       99%         3
 Inner Flame              Hex/Fire       0%         N/A       99%         3
 Lesser Beckoning         Tloc           0%         N/A       99%         3
 Mephitic Cloud           Conj/Pois/Air  0%         N/A       99%         3
 Ozocubu's Armour         Ice            0%         N/A       99%         3
 Portal Projectile        Hex/Tloc       0%         N/A       99%         3
 Stone Arrow              Conj/Erth      0%         3d7       99%         3
 Swiftness                Air            0%         N/A       99%         3
 Teleport Other           Tloc           0%         N/A       99%         3
 Vampiric Draining        Necr           0%         2d6       99%         3
 Airstrike                Air            0%         2d(0-16)  100%        4
 Anguish                  Hex/Necr       0%         N/A       100%        4
 Cause Fear               Hex            0%         N/A       100%        4
 Corpse Rot               Necr/Pois/Air  0%         N/A       100%        4
 Dispel Undead            Necr           0%         3d6       100%        4
 Flame Wave               Conj/Fire      0%         2d4       100%        4
 Fulminant Prism          Conj/Hex       0%         3d6       100%        4
 Hailstorm                Conj/Ice       0%         3d3       100%        4
 Ice Form                 Ice/Tmut       0%         N/A       100%        4
 Iskenderun's Mystic Bla  Conj/Tloc      0%         2d3       100%        4
 Leda's Liquefaction      Hex/Erth       0%         N/A       100%        4
 Olgreb's Toxic Radiance  Pois           0%         N/A       100%        4
 Petrify                  Tmut/Erth      0%         N/A       100%        4
 Sticky Flame             Conj/Fire      0%         2d3       100%        4
 Agony                    Necr           0%         N/A       100%        5
 Alistair's Intoxication  Tmut/Pois      0%         N/A       100%        5
 Blade Hands              Tmut           0%         N/A       100%        5
 Borgnjor's Vile Clutch   Necr/Erth      0%         N/A       100%        5
 Fireball                 Conj/Fire      0%         3d3       100%        5
 Freezing Cloud           Conj/Ice/Air   0%         6-21      100%        5
 Irradiate                Conj/Tmut      0%         3d11      100%        5
 Iskenderun's Battlesphe  Conj           0%         2d6       100%        5
 Lee's Rapid Deconstruct  Erth           0%         3d5*      100%        5
 Manifold Assault         Tloc           0%         N/A       100%        5
 Metabolic Englaciation   Hex/Ice        0%         N/A       100%        5
 Silence                  Hex/Air        0%         N/A       100%        5
 Yara's Violent Unravell  Hex/Tmut       0%         3d3       100%        5
 Conjure Ball Lightning   Conj/Air       0%         3x3d6     100%        6
 Dispersal                Tloc           0%         N/A       100%        6
 Eringya's Noxious Bog    Tmut/Pois      0%         N/A       100%        6
 Starburst                Conj/Fire      0%         6d3       100%        6
 Statue Form              Tmut/Erth      0%         N/A       100%        6
 Ozocubu's Refrigeration  Ice            0%         4d7       100%        7
 Storm Form               Tmut/Air       0%         N/A       100%        7
 Discord                  Hex            0%         N/A       100%        8
 Disjunction              Tloc           0%         N/A       100%        8
 Ignition                 Fire           0%         3d3       100%        8
 Maxwell's Capacitive Co  Air            0%         ∞         100%        8
 Necromutation            Tmut/Necr      0%         N/A       100%        8
 Chain Lightning          Conj/Air       0%         N/A       100%        9
 Fire Storm               Conj/Fire      0%         5d1       100%        9
 Shatter                  Erth           0%         3d5*      100%        9
 Call Imp                 Summ           Unusable   N/A       N/A         2
 Call Canine Familiar     Summ           Unusable   N/A       N/A         3
 Tukima's Dance           Hex            Unusable   N/A       N/A         3
 Summon Lightning Spire   Summ/Air       Unusable   N/A       N/A         4
 Death Channel            Necr           Unusable   N/A       N/A         6
 Simulacrum               Ice/Necr       Unusable   N/A       N/A         6
 Summon Hydra             Summ           Unusable   N/A       N/A         7

Dungeon Overview and Level Annotations

Branches:
Dungeon (15/15)            Temple (1/1) D:4            Lair (5/5) D:11
 Shoals (4/4) Lair:3       Spider (4/4) Lair:2        Slime (5/5) Lair:5
    Orc (2/2) D:9             Elf (3/3) Orc:2        Vaults (5/5) D:14
  Crypt (3/3) Vaults:3       Tomb (0/3) Crypt:3      Depths (4/4) D:15
    Zot (3/5) Depths:4     Bailey (visited)           IceCv (visited)
Volcano (visited)          WizLab (visited)

Altars:
Ashenzari
Cheibriados
Elyvilon
Fedhas
Gozag
Hepliaklqana
Kikubaaqudgha
Makhleb
Nemelex Xobeh
Okawaru
Qazlal
Ru
Sif Muna
Trog
Uskayaw
Vehumet
Wu Jian
Yredelemnul
Zin
The Shining One

Shops:
D:7 *[!   D:11 =   D:14 :   Orc:2 (:[*   Elf:1 =::(   Shoals:1 *
Shoals:4 ([=*(   Vaults:1 !   Vaults:4 (   Depths:4 [

Portals:
Hell: Depths:1 Depths:2 Depths:3 Depths:4
Abyss: Depths:3
Pandemonium: Depths:1 Depths:2 Depths:3

Annotations:
D:9 Casa
Depths:4 1 transporter


Innate Abilities, Weirdness & Mutations

You have a pair of horns on your head.
You reflexively headbutt those who attack you in melee.
You are somewhat resistant to further mutation.
Your muscles are strong. (Str +4, Int/Dex -1)
You expend magic power (3 MP) to strengthen your wands.


Message History

The mummy explodes!
The fiery explosion engulfs the mummy priest!!
Flame seeps out of the mummy priest.
The mummy priest is almost destroyed.
The fiery explosion engulfs the freezing wraith!!
The freezing wraith is burned terribly!
Flame seeps out of the freezing wraith.
The freezing wraith is severely damaged.
The fiery explosion engulfs the ushabti!
The ushabti resists.
The ushabti is heavily damaged.
The fiery explosion engulfs the guardian mummy!!!
Flame seeps out of the guardian mummy.
The guardian mummy is almost destroyed.
You are engulfed in blazing flames.
You resist.
* * * LOW HITPOINT WARNING * * *
The freezing wraith is engulfed in blazing flames.
The freezing wraith disappears in a puff of smoke!
The freezing wraith explodes!
The fiery explosion engulfs the guardian mummy!!
Flame seeps out of the guardian mummy.
The guardian mummy is severely damaged.
The fiery explosion engulfs the mummy priest!!
Okawaru accepts your kill.
The wraith disappears in a puff of smoke!
The phantasmal warrior disappears in a puff of smoke!
The fiery explosion engulfs the ushabti!
The ushabti resists.
The ushabti is heavily damaged.
You feel extremely nervous for a moment...
Your body is wracked with pain!
* * * LOW HITPOINT WARNING * * *
The mummy priest explodes!
The fiery explosion engulfs the guardian mummy!!
Okawaru accepts your kill.
The fiery explosion engulfs the ushabti!
The ushabti resists.
The ushabti is almost destroyed.
You feel extremely nervous for a moment...
Pain shoots through your body!
You die...

▓▓▓▓▓▓▓▓▓▓
▓.........
▓.........
▓▓▓▓▓▓§@§§.....
▓....§§○§§.....
▓....§§§9§.....
▓....§§§§......
▓...§§§§M......
▓∩.9§§9MMM.....
▓..B§○§MMM...M.
▓.BM..MM.......
▓§§§§.Z.M....


You could see a royal mummy (inner flame), a mummy priest (inner flame), 4
guardian mummies, 3 ushabtiu, 2 death scarabs and 5 mummies.

Vanquished Creatures
  the Royal Jelly (Slime:5)
  A pandemonium lord (Zig:3)
  A dread lich (Zig:2)
  2 ancient liches
  Mara (Elf:3)
  A royal mummy (Zig:9)
  The ghost of Nabaitto the Intangible, a master MfGl of Hepliaklqana (Zot:3)
  Josephina (Crypt:1)
  Vv (Zot:1)
  Boris (twice) (Depths:3 Depths:4)
  Sojobo (Depths:1)
  Bai Suzhen (Crypt:2)
  Saint Roka (Depths:4)
  12 golden dragons
  the Enchantress (Depths:3)
  A bone dragon (Crypt:3)
  An electric golem (Zot:1)
  Jorgrun (Shoals:1)
  Zenata (Crypt:2)
  The ghost of Anosyof the Impaler, an adept CeHu of Okawaru (Vaults:3)
  11 tentacled monstrosities
  A walking crystal tome (Depths:4)
  32 acid blobs
  3 liches
  A deep elf blademaster (Elf:2)
  4 quicksilver dragons
  7 titans
  A kraken (Shoals:4)
  6 sphinxes
  2 death cobs
  9 ancient champions
  A tentacled starspawn (Vaults:4)
  Frances (Shoals:2)
  8 tengu reavers
  Donald (Shoals:1)
  Agnes (Spider:2)
  Kirke (Lair:2)
  9 storm dragons
  7 rockslimes
  10 shadow dragons
  The ghost of Qytesuw the Warrior, a journeyman MiBe of Trog (Shoals:3)
  4 draconian knights
  4 revenants
  9 azure jellies
  2 deep elf sorcerers (Elf:3)
  2 draconian monks (Zot:1)
  11 fire giants
  9 frost giants
  Aizul (Elf:1)
  2 balrugs
  3 emperor scorpions (Spider:4)
  18 vault wardens
  An orc warlord (Orc:1)
  4 iron dragons
  3 ghost moths
  A draconian scorcher (Depths:4)
  5 draconian shifters
  A draconian annihilator (Depths:4)
  2 deep elf elementalists (Elf:3)
  10 ghouls
  11 spriggan defenders
  2 draconian stormcallers
  A reaper (Zig:7)
  6 broodmothers
  6 caustic shrike skeletons (Crypt:3)
  A curse skull (Crypt:2)
  8 quicksilver oozes
  19 ironbound preservers
  13 very ugly things
  A war gargoyle (Vaults:1)
  13 stone giants
  6 ironbound thunderhulks
  2 bennus (Zig:9)
  10 deep elf demonologists
  Azrael (Orc:2)
  8 vampire knights
  3 white draconians
  A purple draconian (Zot:1)
  3 green draconians
  3 eleionomae
  Nessos (D:15)
  9 dire elephants
  6 entropy weavers
  4 red draconians
  6 eidola
  A minotaur (shapeshifter) (Vaults:5)
  An orange crystal statue (WizLab)
  12 deep elf annihilators
  6 yellow draconians
  8 spark wasps
  8 ettins
  10 deep elf death magi
  Snorg (D:14)
  A merfolk javelineer (Shoals:3)
  A mummy priest (Zig:9)
  5 jiangshi
  12 fire dragons
  6 merfolk impalers
  16 great orbs of eyes
  8 deep elf high priests
  10 yaktaur captains
  10 hydras
  7 rakshasas
  12 boulder beetles
  A jorogumo (Spider:3)
  42 vault guards
  4 ogre magi (Vaults:5)
  8 ice dragons
  7 spriggan air magi
  6 radroaches
  3 spriggan skeletons (Crypt:3)
  7 merfolk avatars
  15 centaur warriors
  4 merfolk aquamancers
  9 ironbound frosthearts
  2 death knights (Vaults:3)
  3 satyrs
  An azure jelly zombie (Crypt:1)
  4 two-headed ogres
  2 alligators (Zig:8)
  4 tengu warriors
  4 deep troll shamans
  29 dancing weapons
  8 deep troll earth magi
  9 death yaks
  5 vampire magi
  Urug (D:14)
  An orc high priest (Orc:2)
  A naga sharpshooter (Depths:4)
  2 thrashing horrors
  24 deep elf knights
  Sonja (Lair:2)
  24 hell knights
  3 sun demons
  8 spriggan berserkers
  23 skeletal warriors
  A wretched star (Abyss:3)
  A sixfirhy (Depths:3)
  A sea snake (shapeshifter) (Depths:3)
  3 titan skeletons (Crypt:3)
  5 soul eaters
  5 shadow wraiths
  19 sea snakes
  A shadow demon (Depths:1)
  8 pharaoh ants
  A sun moth (Spider:4)
  A spatial maelstrom (Zig:7)
  2 spriggan druids (Zig:8)
  2 storm dragon skeletons (Crypt:3)
  2 glowing orange brains
  5 iron trolls
  59 deep trolls
  3 swamp dragons (Zig:8)
  2 flayed ghosts
  13 ironbound convokers
  3 steelbarb worms
  9 orb spiders
  2 bog bodies
  Pikel (Temple)
  12 deep elf archers
  13 necromancers
  13 wizards
  12 lindwurms
  7 orc knights
  A tengu zombie (Depths:1)
  20 harpies
  4 human zombies
  5 orc sorcerers
  2 bunyip skeletons
  21 deep elf pyromancers
  A frost giant zombie (Depths:1)
  21 fauns
  A will-o-the-wisp (Zig:8)
  15 phantasmal warriors
  23 deep elf zephyrmancers
  24 wolf spiders
  A faun (shapeshifter) (D:15)
  9 shining eyes
  An oklob plant (Lair:5)
  16 manticores
  A salamander (shapeshifter) (Vaults:5)
  58 ugly things
  6 cyclopes
  2 iron dragon skeletons (Crypt:3)
  10 black mambas
  Joseph (D:8)
  A frost giant skeleton (Vaults:4)
  A moth of wrath (shapeshifter) (Elf:1)
  8 water nymphs
  9 moths of wrath
  11 merfolk sirens
  19 vault sentinels
  42 elephants
  2 ice statues (IceCv)
  A fire giant skeleton (Vaults:1)
  A storm dragon simulacrum (Vaults:4)
  A cane toad (shapeshifter) (D:13)
  7 smoke demons
  A centaur skeleton (Crypt:3)
  3 rust devils
  An orange demon (Zig:3)
  7 cane toads
  A torpor snail (Spider:4)
  3 eyes of devastation
  9 komodo dragons
  3 naga skeletons
  An unseen horror (D:10)
  A hellion (Abyss:3)
  2 tengu conjurers
  A spriggan zombie (Depths:1)
  A yellow draconian zombie (Crypt:2)
  Maggie (D:6)
  6 demonic crawlers
  A kobold demonologist (D:11)
  A rime drake (shapeshifter) (D:13)
  4 ice devils
  18 yaktaurs
  8 rime drakes
  2 efreet
  A black draconian skeleton (Crypt:2)
  An ancient zyme (Vaults:4)
  7 freezing wraiths
  A guardian mummy (Zig:9)
  2 hellwings (Depths:1)
  A death drake zombie (Crypt:1)
  10 trolls
  7 polar bears
  7 red devils
  A shadow dragon simulacrum (Vaults:4)
  A harpy skeleton (Crypt:3)
  A hydra skeleton (Crypt:3)
  A meliai (shapeshifter) (Elf:3)
  31 merfolk
  5 wind drakes
  3 raiju (Abyss:3)
  7 meliai
  10 hornets
  19 tarantellas
  A tyrant leech (Zig:8)
  80 slime creatures
  A sphinx simulacrum (Depths:1)
  Prince Ribbit (Lair:3)
  8 snapping turtles
  A dream sheep (shapeshifter) (Depths:4)
  12 dream sheep
  17 blink frogs
  2 ice dragon skeletons
  An ettin zombie (Crypt:2)
  27 culicivoras
  2 air elementals
  54 jumping spiders
  6 shadows
  15 starcursed masses
  A ynoxinul (Depths:2)
  A dire elephant simulacrum (Crypt:1)
  3 centaur simulacra
  33 flying skulls
  19 spriggans
  2 vampires (D:13)
  Eustachio (D:6)
  13 water elementals
  52 yaks
  A yak (shapeshifter) (Abyss:3)
  3 hogs (Spider:1)
  4 wraiths
  A chaos spawn (Depths:1)
  5 neqoxecs
  8 wyverns
  A human (shapeshifter) (D:15)
  11 golden eyes
  A human simulacrum (Vaults:4)
  9 vampire mosquitoes
  A black mamba skeleton (Crypt:3)
  5 fire elementals
  5 basilisks
  18 humans
  38 redbacks
  10 steam dragons
  A yaktaur simulacrum (Vaults:3)
  A deep troll zombie (Crypt:2)
  7 wargs
  3 acid dragons
  A hydra simulacrum (Crypt:1)
  13 water moccasins
  A demonspawn skeleton (Crypt:3)
  3 floating eyes (Depths:4)
  4 hell hounds
  6 large abominations
  A faun zombie (Crypt:2)
  45 orc warriors
  A swamp drake (Zig:6)
  3 ice beasts
  A sky beast (D:8)
  2 black bears (Lair:5)
  49 wolves
  An elf simulacrum (Vaults:1)
  7 ogres
  7 boggarts
  5 centaurs
  2 phantoms
  A kobold brigand (D:7)
  2 lemures (Temple)
  A vine stalker zombie (Crypt:3)
  A salamander zombie (Crypt:1)
  5 bullfrogs
  2 gnoll sergeants
  5 scorpions
  An elf skeleton (Crypt:3)
  5 necrophages
  5 earth elementals
  28 wights
  2 small abominations (Abyss:3)
  A cyclops skeleton (Crypt:1)
  A shapeshifter zombie (Crypt:3)
  4 killer bees (D:9)
  3 lindwurm simulacra (IceCv)
  7 electric eels
  2 howler monkeys
  8 komodo dragon simulacra (IceCv)
  A centaur zombie (Crypt:1)
  A quasit (Abyss:3)
  A jelly (D:5)
  28 orc priests
  2 hounds (D:6)
  A gnoll bouda (D:7)
  4 iguanas
  Ijyb (D:4)
  A scorpion zombie (Crypt:3)
  26 orc wizards
  4 mummies (Zig:9)
  6 acid dragon simulacra (IceCv)
  20 gnolls
  A swamp drake zombie (Crypt:1)
  10 adders
  A shadow imp (D:5)
  3 ufetubi
  4 steam dragon simulacra (IceCv)
  3 worms
  A worm zombie (Crypt:2)
  3 dart slugs
  119 orcs
  A bat skeleton (Crypt:3)
  6 endoplasms
  2 giant cockroaches
  5 hobgoblins
  2 jackals (D:1)
  5 quokkas
  A ball python (D:3)
  4 bats
  2 frilled lizards
  11 goblins
  A goblin skeleton (Crypt:2)
  11 kobolds
  An orc skeleton (Crypt:1)
  4 rats
  A river rat zombie (Crypt:3)
  2 starspawn tentacles
  2 tentacles (Shoals:4)
2553 creatures vanquished.

Vanquished Creatures (others)
  A frost giant (Vaults:5)
  A ghost moth (Spider:4)
  3 deep elf knights (Elf:1)
  A wizard (Vaults:2)
  A lindwurm (Vaults:3)
  2 deep elf pyromancers
  A manticore (Shoals:4)
  A tengu conjurer (Depths:2)
  A spriggan (Depths:2)
  A dire elephant simulacrum (Crypt:1)
  A water elemental (Elf:2)
  A neqoxec (Zig:7)
  A warg (Orc:2)
  An orc priest (Orc:2)
  An orc wizard (D:9)
  2 orcs
  162 fungi
  2 lurking horrors (Abyss:3)
  197 plants
  7 starspawn tentacles
  29 tentacles
  9 withered plants
426 creatures vanquished.

Grand Total: 2979 creatures vanquished

Notes
Turn   | Place    | Note
-------+----------+-------------------------------------------
     0 | D:1      | Peloso the Minotaur Fighter began the quest for the Orb.
     0 | D:1      | Reached XP level 1. HP: 19/19 MP: 0/0
   210 | D:1      | Reached XP level 2. HP: 27/27 MP: 1/1
  1152 | D:2      | Reached XP level 3. HP: 23/33 MP: 2/2
  1588 | D:2      | Reached XP level 4. HP: 32/40 MP: 3/3
  1822 | D:2      | Found a faded altar of an unknown god.
  2602 | D:3      | Reached skill level 5 in Shields
  2602 | D:3      | Reached XP level 5. HP: 23/46 MP: 4/4
  3120 | D:4      | Noticed a phantom
  3136 | D:3      | Killed a phantom
  3137 | D:3      | Reached skill level 5 in Armour
  3137 | D:3      | Reached XP level 6. HP: 40/53 MP: 5/5
  3146 | D:3      | Reached skill level 1 in Dodging
  3225 | D:4      | Reached skill level 5 in Long Blades
  3394 | D:4      | Found a staircase to the Ecumenical Temple.
  3431 | Temple   | Entered the Ecumenical Temple
  3459 | Temple   | Became a worshipper of Warmaster Okawaru
  3497 | D:4      | Noticed Pikel
  3623 | Temple   | Killed Pikel
  3623 | Temple   | Reached * piety under Okawaru
  3623 | Temple   | Reached ** piety under Okawaru
  3624 | Temple   | Reached skill level 5 in Fighting
  3624 | Temple   | Reached XP level 7. HP: 21/61 MP: 6/6
  3891 | D:4      | Found an opulent altar of Gozag.
  3955 | D:4      | Noticed Ijyb
  3968 | D:4      | Reached XP level 8. HP: 59/69 MP: 4/7
  3978 | D:4      | Killed Ijyb
  4264 | D:5      | Entered Level 5 of the Dungeon
  4495 | D:5      | Identified the +9 spear of Greed {flame, Str+5}
  4559 | D:5      | Found a white marble altar of Elyvilon.
  4633 | D:5      | Reached *** piety under Okawaru
  4892 | D:5      | Found a shimmering blue altar of Sif Muna.
  4894 | D:5      | Found a snail-covered altar of Cheibriados.
  5272 | D:6      | Identified the +3 sling of Niqaav {venom, rPois Int+4}
  5287 | D:6      | Noticed a troll
  5304 | D:6      | Noticed Eustachio
  5310 | D:6      | Killed a troll
  5313 | D:6      | Noticed Maggie
  5325 | D:6      | Killed Eustachio
  5326 | D:6      | Reached XP level 9. HP: 54/78 MP: 6/8
  5347 | D:6      | Killed Maggie
  5347 | D:6      | Reached **** piety under Okawaru
  5801 | D:6      | Found a glowing golden altar of the Shining One.
  6254 | D:7      | Found Qaguihoo's Distillery.
  6302 | D:7      | Bought a potion of degeneration for 13 gold pieces
  6381 | D:7      | Found a blossoming altar of Fedhas.
  6473 | D:7      | Found a burning altar of Makhleb.
  6478 | D:7      | Found Yffimargh's General Store.
  6489 | D:7      | Bought a scroll of identify for 28 gold pieces
  6507 | D:7      | Reached skill level 10 in Long Blades
  6824 | D:7      | Found Jievibb's Antique Armour Shoppe.
  6931 | D:7      | Found a radiant altar of Vehumet.
  7236 | D:8      | Reached XP level 10. HP: 86/86 MP: 6/9
  7245 | D:8      | Reached ***** piety under Okawaru
  7257 | D:8      | Reached skill level 1 in Invocations
  7291 | D:8      | Found an ornate altar of the Wu Jian Council.
  7372 | D:8      | Found a flagged portal.
  7401 | Bailey   | Entered a bailey
  7631 | Bailey   | Received a gift from Okawaru
  7862 | D:8      | Identified the ring "Peck" {Str+6 Int+2}
  8020 | D:8      | Reached skill level 10 in Shields
  8206 | D:8      | Noticed Joseph
  8219 | D:8      | Killed Joseph
  8371 | D:8      | Found a basalt altar of Yredelemnul.
  8655 | D:8      | Found a broken altar of Ashenzari.
  9480 | D:9      | Reached skill level 1 in Polearms
  9495 | D:9      | Identified the +4 great sword of the Tundras {vorpal, Int+2
                  | Stlth+}
  9939 | D:8      | Reached XP level 11. HP: 54/95 MP: 11/11
 10280 | D:9      | Found a hazy altar of Hepliaklqana.
 10308 | D:9      | Found a staircase to the Orcish Mines.
 10333 | D:9      | Found a glowing silver altar of Zin.
 10344 | D:9      | Found a sparkling altar of Nemelex Xobeh.
 10879 | D:10     | Entered Level 10 of the Dungeon
 10925 | D:10     | Noticed a deep elf pyromancer
 10932 | D:10     | Killed a deep elf pyromancer
 10996 | D:10     | Reached skill level 10 in Armour
 11475 | D:10     | Reached skill level 5 in Polearms
 11480 | D:10     | Reached skill level 1 in Evocations
 12032 | D:11     | Found Geriqy's Jewellery Shoppe.
 12059 | D:11     | Found a staircase to the Lair.
 12256 | D:11     | Noticed a boulder beetle
 12269 | D:11     | Killed a boulder beetle
 12269 | D:11     | Received a gift from Okawaru
 12836 | D:11     | Noticed a two-headed ogre
 12843 | D:11     | Killed a two-headed ogre
 12888 | D:11     | Noticed an orc knight
 12897 | D:11     | Killed an orc knight
 12981 | Lair:1   | Entered Level 1 of the Lair of Beasts
 13043 | Lair:1   | Reached XP level 12. HP: 104/104 MP: 12/12
 13102 | Lair:1   | You fall into a shaft and drop 1 floor!
 13846 | Lair:2   | Reached skill level 15 in Shields
 13924 | Lair:2   | Identified the +2 pair of gloves of Zorchihola {Fly Dex+4}
                  | (Okawaru gifted it to you on level 2 of the Lair of Beasts)
 13924 | Lair:2   | Received a gift from Okawaru
 14078 | Lair:2   | Noticed a dire elephant
 14103 | Lair:2   | Killed a dire elephant
 14104 | Lair:2   | Reached XP level 13. HP: 55/113 MP: 11/13
 14359 | Lair:2   | Reached skill level 10 in Fighting
 14415 | Lair:2   | Found a hole to the Spider Nest.
 14458 | Lair:2   | Noticed Sonja
 14486 | Lair:2   | Killed Sonja
 14498 | Lair:2   | Reached skill level 10 in Polearms
 14901 | Lair:2   | Reached ****** piety under Okawaru
 15401 | Lair:1   | Reached skill level 1 in Stealth
 17323 | D:12     | Identified a scroll of acquirement
 17596 | Lair:3   | Found a dark tunnel.
 17602 | Volcano  | Entered a volcano
 17654 | Volcano  | Received a gift from Okawaru
 18083 | Volcano  | Found the +2 cloak of the Thief {*Fog Slay-2 SInv Stlth+}
 18083 | Volcano  | Noticed a fire dragon
 18101 | Volcano  | Killed a fire dragon
 18448 | Lair:3   | Identified the +1 scale mail of Dogicun {rElec Dex+6 SInv}
                  | (Okawaru gifted it to you on level 3 of the Lair of Beasts)
 18448 | Lair:3   | Received a gift from Okawaru
 18910 | Lair:3   | Found a staircase to the Shoals.
 18921 | Lair:3   | Reached XP level 14. HP: 115/122 MP: 14/14
 19330 | Lair:3   | Noticed Prince Ribbit
 19342 | Lair:3   | Killed Prince Ribbit
 20039 | Lair:4   | Found an opulent altar of Gozag.
 22051 | D:13     | Found a frozen archway.
 22080 | IceCv    | Entered an ice cave
 22095 | IceCv    | Acquired the ring of Roned {Drain rC++ rN+ Str+2 SInv}
 22512 | IceCv    | Received a gift from Okawaru
 22615 | IceCv    | Identified the ring of Pastramn {rElec rPois}
 23825 | D:13     | Identified the +12 short sword "Ypryhus" {flame, +Blink rC-
                  | rCorr Int+3} (Okawaru gifted it to you on level 13 of the
                  | Dungeon)
 23825 | D:13     | Received a gift from Okawaru
 24594 | Orc:1    | Entered Level 1 of the Orcish Mines
 24837 | Orc:2    | Entered Level 2 of the Orcish Mines
 24860 | Orc:2    | Found an iron altar of Okawaru.
 24882 | Orc:2    | Noticed Azrael
 25377 | Orc:1    | Reached XP level 15. HP: 129/132 MP: 15/15
 25397 | Orc:2    | Killed Azrael
 25812 | Orc:2    | Noticed an orc warlord
 26179 | Orc:1    | Received a gift from Okawaru
 26195 | Orc:1    | Killed an orc warlord
 26725 | Orc:2    | Found Levusch's General Store.
 26733 | Orc:2    | Bought a scroll of magic mapping for 120 gold pieces
 26733 | Orc:2    | Bought a scroll of identify for 32 gold pieces
 26740 | Orc:2    | Found Aceac's Antique Armour Emporium.
 26767 | Orc:2    | Found Jaotossi's Book Boutique.
 26805 | Orc:2    | Found Naig's Antique Weapon Shop.
 27005 | Orc:2    | Found a staircase to the Elven Halls.
 27793 | D:14     | Found a gate to the Vaults.
 27811 | D:14     | Noticed Urug
 27921 | D:14     | Killed Urug
 28619 | D:14     | Found Foudel's Tremendous Tomes.
 28693 | D:14     | Found Zararadd's Armour Shop.
 28705 | D:14     | Identified the +3 tower shield "Cuefro Myedgh" {rElec rPois
                  | rF+} (Okawaru gifted it to you on level 14 of the Dungeon)
 28705 | D:14     | Received a gift from Okawaru
 29116 | D:14     | Noticed Snorg
 29129 | D:14     | Killed Snorg
 29482 | D:15     | Entered Level 15 of the Dungeon
 29531 | D:14     | Reached skill level 15 in Long Blades
 29819 | D:15     | Found a staircase to the Depths.
 29848 | D:15     | Noticed Nessos
 29858 | D:15     | Killed Nessos
 30890 | D:15     | Reached XP level 16. HP: 135/144 MP: 16/16
 31275 | D:15     | Found a portal to a secret trove of treasure.
 31715 | Lair:5   | Entered Level 5 of the Lair of Beasts
 32414 | Lair:5   | Received a gift from Okawaru
 33571 | Lair:5   | Found a staircase to the Slime Pits.
 33880 | Lair:5   | Received a gift from Okawaru
 34640 | Shoals:1 | Entered Level 1 of the Shoals
 34641 | Shoals:1 | Found Fuqon's Overcharged Wands.
 34643 | Shoals:1 | Noticed Donald
 34679 | Shoals:1 | Killed Donald
 34695 | Shoals:1 | Received a gift from Okawaru
 35067 | Shoals:1 | Noticed Jorgrun
 35104 | Shoals:1 | Killed Jorgrun
 36456 | Spider:1 | Entered Level 1 of the Spider Nest
 37190 | Spider:1 | Noticed Kirke
 37208 | Spider:1 | Noticed a sphinx
 37226 | Lair:2   | Killed Kirke
 37649 | Spider:1 | Identified the +2 robe of the Barnacle {rN+ Str+8 Int-5
                  | Dex+3} (Okawaru gifted it to you on level 1 of the Spider
                  | Nest)
 37649 | Spider:1 | Received a gift from Okawaru
 38291 | Spider:1 | Gained mutation: Armour fits poorly on your strangely
                  | shaped body. [mutagenic glow]
 38781 | Spider:2 | Reached XP level 17. HP: 154/154 MP: 17/17
 39466 | Spider:2 | Identified the +5 glaive "Ox" {drain, rN+ Will+ Stlth+}
 40038 | Spider:2 | Reached skill level 15 in Armour
 40302 | Spider:2 | Noticed Agnes
 40315 | Spider:2 | Killed Agnes
 40401 | Spider:2 | Reached skill level 15 in Fighting
 41009 | Shoals:2 | Noticed Frances
 41018 | Shoals:2 | Killed Frances
 41079 | Shoals:2 | Identified the +5 long sword of the Pillar {vorpal, rF+}
                  | (Okawaru gifted it to you on level 2 of the Shoals)
 41079 | Shoals:2 | Received a gift from Okawaru
 41908 | Shoals:2 | Noticed a kraken
 42777 | Elf:1    | Entered Level 1 of the Elven Halls
 42956 | Elf:1    | Found Biups's Book Shoppe.
 42959 | Elf:1    | Found Uffoo's Jewellery Boutique.
 42960 | Elf:1    | Found Azehoinud's Book Shoppe.
 43052 | Elf:1    | Identified the +3 plate armour of Jihimon {Will++ SInv}
 43171 | Elf:1    | Noticed Aizul
 43201 | Elf:1    | Killed Aizul
 43258 | Elf:1    | Found Ninef's Antique Weapon Boutique.
 44433 | Elf:1    | Received a gift from Okawaru
 44747 | Elf:1    | Noticed an Ice Fiend
 45080 | Elf:1    | Found a runed translucent gate.
 45080 | Elf:1    | Found a runed translucent gate.
 45080 | Elf:1    | Found a runed translucent gate.
 45080 | Elf:1    | Found a runed translucent gate.
 45080 | Elf:1    | Found a runed translucent gate.
 45090 | Elf:1    | Found a runed translucent gate.
 46300 | Elf:2    | Reached XP level 18. HP: 135/166 MP: 19/19
 46468 | Elf:2    | Found the +3 pair of gauntlets of War {Slay+5}
 46750 | Elf:2    | Received a gift from Okawaru
 46751 | Elf:2    | Paralysed by an air elemental for 1 turns
 46758 | Elf:2    | Paralysed by an air elemental for 1 turns
 46767 | Elf:2    | Paralysed by an air elemental for 1 turns
 46773 | Elf:2    | Paralysed by an air elemental for 1 turns
 47253 | Elf:2    | Found a runed translucent gate.
 47254 | Elf:2    | Found a runed translucent gate.
 47254 | Elf:2    | Found a runed translucent gate.
 47603 | Elf:3    | Entered Level 3 of the Elven Halls
 47679 | Elf:3    | Noticed Mara
 47705 | Elf:3    | Noticed Peloso's illusion
 47714 | Elf:3    | Noticed Peloso's illusion
 47720 | Elf:3    | Killed Mara
 49504 | Shoals:3 | Reached skill level 5 in Dodging
 49713 | Shoals:3 | Found a runed translucent door.
 50844 | Shoals:3 | Noticed Qytesuw's ghost (journeyman MiBe)
 51052 | Shoals:3 | Identified the +1 spear "Cunel" {flame, *Noise Will+ rCorr
                  | Str+6}
 51087 | Shoals:3 | Killed Qytesuw's ghost
 51268 | Shoals:4 | Entered Level 4 of the Shoals
 51957 | Shoals:4 | Found Coajem's Antique Weapon Shop.
 52106 | Shoals:4 | Identified the +5 ring mail "Zeteon" {-Tele *Corrode MP+9
                  | Str+9} (Okawaru gifted it to you on level 4 of the Shoals)
 52106 | Shoals:4 | Received a gift from Okawaru
 52377 | Shoals:4 | Found Tifu's General Store.
 53593 | Shoals:4 | Found the +0 mask of the Dragon {Will+ Slay+3 SInv}
 53874 | Shoals:4 | Found Otseuta's Weapon Emporium.
 53953 | Shoals:4 | Found Jiumomu's Antique Armour Emporium.
 54121 | Shoals:4 | Bought a dazzling plate armour for 756 gold pieces
 54121 | Shoals:4 | Identified the +1 plate armour of the Clam {rCorr Str-2
                  | Dex+4 SInv Stlth+} (You bought it in a shop on level 4 of
                  | the Shoals)
 54121 | Shoals:4 | Found Bosischagg's Jewellery Shoppe.
 54125 | Shoals:4 | Bought a pair of embroidered boots for 202 gold pieces
 54867 | Shoals:4 | Got a barnacled rune of Zot
 55589 | Spider:2 | Reached XP level 19. HP: 172/174 MP: 20/20
 56783 | Spider:4 | Entered Level 4 of the Spider Nest
 57776 | Spider:4 | Identified the +8 gold dragon scales "Olessieh" {Harm
                  | +Blink rPois rF+ rC+ Int-5} (Okawaru gifted it to you on
                  | level 4 of the Spider Nest)
 57776 | Spider:4 | Received a gift from Okawaru
 58305 | Spider:4 | Reached skill level 27 in Shields
 59204 | Spider:4 | Got a gossamer rune of Zot
 60393 | Elf:2    | Identified the +4 demon trident of Defenestration {freeze,
                  | SInv} (Okawaru gifted it to you on level 2 of the Elven
                  | Halls)
 60393 | Elf:2    | Received a gift from Okawaru
 61245 | Elf:3    | Identified the +7 hand axe of Cruel Justice {spect, rPois
                  | Will+ rCorr Dex+2}
 61648 | Elf:3    | Identified the +1 leather armour of the Fisher {Harm rPois
                  | Str+3}
 61770 | Elf:3    | Got the Directory of the Dusty Inferno
 61772 | Elf:3    | Got the Directory of Battle Magic
 61777 | Elf:3    | Identified the +0 fire dragon scales "Jalihan" {rF++ rC-
                  | Regen+ Dex+4}
 61779 | Elf:3    | Got the Secrets of Maledictive Arcane Weapons
 62009 | Elf:2    | Reached XP level 20. HP: 141/189 MP: 21/21
 62071 | Elf:2    | Identified the +8 scimitar of the Tortured God {vorpal, rF-
                  | rN+ MP+9 Dex+3} (Okawaru gifted it to you on level 2 of the
                  | Elven Halls)
 62071 | Elf:2    | Received a gift from Okawaru
 62093 | Elf:2    | HP: 2/189 [+2 morningstar of protection (16)]
 63365 | Vaults:1 | Entered Level 1 of the Vaults
 63391 | Vaults:1 | Found Waing's Distillery.
 63398 | Vaults:1 | Bought a potion of heal wounds for 75 gold pieces
 63398 | Vaults:1 | Bought a potion of heal wounds for 75 gold pieces
 63505 | Vaults:1 | Found a magical portal.
 63516 | WizLab   | Entered Wucad Mu's Monastery
 63634 | WizLab   | HP: 5/191 [deep troll[old memories] (18)]
 63735 | WizLab   | Found the +9 staff of Wucad Mu {*channel}
 64890 | Vaults:1 | Identified the +0 hat of Mental Paralysis {Rampage *Slow
                  | rElec Slay+3} (Okawaru gifted it to you on level 1 of the
                  | Vaults)
 64890 | Vaults:1 | Received a gift from Okawaru
 65345 | Vaults:1 | HP: 6/193 [ironbound convoker/+0 flail (19)]
 65346 | Vaults:1 | Reached XP level 21. HP: 6/200 MP: 20/23
 67303 | Vaults:2 | Paralysed by a great orb of eyes for 2 turns
 68865 | Vaults:2 | Reached XP level 22. HP: 211/211 MP: 24/24
 69322 | Vaults:3 | Received a gift from Okawaru
 69622 | Vaults:3 | Found a flickering gateway to a bazaar.
 69680 | Bazaar   | Entered a bazaar
 69681 | Bazaar   | Found Asoyng's Book Emporium.
 69681 | Bazaar   | Found Fyetroe's Magic Scroll Emporium.
 69682 | Bazaar   | Found Piloragh's Antique Weapon Boutique.
 69688 | Bazaar   | Bought a scroll of enchant weapon for 60 gold pieces
 69714 | Bazaar   | Found Guops's Magic Scroll Shop.
 69722 | Bazaar   | Bought a scroll of magic mapping for 90 gold pieces
 69722 | Bazaar   | Bought a scroll of teleportation for 36 gold pieces
 69722 | Bazaar   | Bought a scroll of teleportation for 36 gold pieces
 69750 | Bazaar   | Bought a twisted long sword for 272 gold pieces
 69750 | Bazaar   | Identified the +3 long sword "Elaini Doqe" {vamp, Str+3}
                  | (You bought it in a shop in a bazaar)
 70259 | Vaults:3 | Found a runed translucent door.
 70260 | Vaults:3 | Noticed Anosyof's ghost (adept CeHu)
 70491 | Vaults:3 | Found a staircase to the Crypt.
 70991 | Vaults:3 | Received a gift from Okawaru
 71331 | Vaults:3 | Killed Anosyof's ghost
 71513 | Vaults:4 | Identified the +1 leather armour of Hairiness {Str+4}
 71786 | Vaults:4 | Found Peoj's Weapon Shoppe.
 72840 | Vaults:5 | Entered Level 5 of the Vaults
 73120 | Abyss:3  | Cast into level 3 of the Abyss (vault guard)
 73244 | Abyss:3  | Gained mutation: You occasionally lose the ability to read
                  | scrolls when taking damage. [a neqoxec]
 73332 | Abyss:3  | Found a corrupted altar of Lugonu.
 73369 | Abyss:3  | Got an abyssal rune of Zot
 73729 | Vaults:5 | Escaped the Abyss
 73751 | Vaults:4 | Identified the +1 plate armour of Fashionability {Harm
                  | Drain rCorr Dex+8} (Okawaru gifted it to you on level 4 of
                  | the Vaults)
 73751 | Vaults:4 | Received a gift from Okawaru
 74358 | Abyss:3  | Cast into level 3 of the Abyss (a deep elf demonologist)
 74411 | Abyss:3  | Gained mutation: You are clumsy. (Dex -2) [a neqoxec]
 74415 | Vaults:5 | Escaped the Abyss
 74673 | Vaults:5 | Reached XP level 23. HP: 193/225 MP: 22/25
 75465 | Vaults:5 | Reached skill level 5 in Invocations
 76509 | Vaults:5 | Noticed an ancient lich
 76662 | Vaults:4 | Killed an ancient lich
 79273 | Vaults:5 | Identified the +4 leather armour of an ice cave {*Corrode
                  | +Blink rPois Will+}
 79273 | Vaults:5 | Identified the ring of Salvation {Contam rF- rC+ rCorr
                  | Str+9}
 79488 | Vaults:5 | Identified the +0 chain mail of Mumblety Peg {Rampage rElec
                  | rN+}
 79547 | Vaults:5 | Got a silver rune of Zot
 80098 | Vaults:5 | Got the Secrets of the Rocks
 80104 | Vaults:5 | Identified the +3 scale mail of the Sun {rElec}
 80940 | Vaults:5 | Found the +12 pair of quick blades "Gyre" and "Gimble"
                  | {protect}
 80947 | Vaults:5 | Identified the +3 scimitar of Chance {venom, rF- Int+5
                  | Dex+6}
 80963 | Vaults:5 | Identified the ring of Baidyehud {rElec Str+4 Int+8 Dex-2
                  | SInv}
 81008 | Vaults:5 | Identified the amulet of Qeari {Acrobat rF+}
 81019 | Vaults:5 | Got the Opusculum on Entrancing Firn
 82364 | Depths:1 | Entered Level 1 of the Depths
 82560 | Depths:1 | Identified the -1 pair of gloves of Syndicalism {Str+8
                  | Dex-4} (Okawaru gifted it to you on level 1 of the Depths)
 82560 | Depths:1 | Received a gift from Okawaru
 82633 | Depths:1 | Found a one-way gate leading to the halls of Pandemonium.
 83080 | Depths:1 | Found a gateway to Hell.
 83349 | Depths:1 | Identified the +0 chain mail of Sibutoz {rPois rF- Slay+4
                  | Stlth-}
 83372 | Depths:1 | Noticed Sojobo
 83397 | Depths:1 | Killed Sojobo
 83899 | Depths:2 | Reached XP level 24. HP: 239/239 MP: 26/26
 84731 | Depths:2 | Identified the +7 war axe "ETAOIN SHRDLU" {vorpal, Str+4}
 85811 | Depths:2 | Identified the +1 kite shield of Virtue {Dex+3} (Okawaru
                  | gifted it to you on level 2 of the Depths)
 85811 | Depths:2 | Received a gift from Okawaru
 86169 | Depths:3 | Noticed the Enchantress
 86639 | Depths:3 | Killed the Enchantress
 86849 | Depths:3 | Found a radiant altar of Vehumet.
 87190 | Depths:3 | Noticed Boris
 87195 | Depths:3 | Killed Boris
 87438 | Depths:3 | Found a one-way gate to the infinite horrors of the Abyss.
 88516 | Slime:1  | Entered Level 1 of the Pits of Slime
 88520 | Slime:1  | Gained mutation: You are dopey. (Int -2) [a shining eye]
 88542 | Slime:1  | Gained mutation: You have hidden genetic defects. [a
                  | shining eye]
 88602 | Slime:1  | Gained mutation: You are strong-willed. (Will+) [a shining
                  | eye]
 88920 | Slime:2  | Identified the +1 pair of gloves of the First Tales
                  | {Slay+2} (Okawaru gifted it to you on level 2 of the Pits
                  | of Slime)
 88920 | Slime:2  | Received a gift from Okawaru
 89321 | Slime:4  | Gained mutation: You do not regenerate when monsters are
                  | visible. [a shining eye]
 89618 | Slime:5  | Entered Level 5 of the Pits of Slime
 89638 | Slime:5  | Gained mutation: Potions are less effective at restoring
                  | your health. [a shining eye]
 89727 | Slime:4  | Reached XP level 25. HP: 246/254 MP: 27/27
 89749 | Slime:4  | Gained mutation: You are very clumsy. (Dex -4) [hidden
                  | defects]
 90709 | Slime:5  | Noticed the Royal Jelly
 90722 | Slime:5  | Killed the Royal Jelly
 92195 | Slime:5  | Got the Papyrus of the Invisible Priests
 92207 | Slime:5  | Identified the ring "Nuxzilao" {Wiz rF+}
 92235 | Slime:5  | Got a slimy rune of Zot
 92339 | Slime:5  | Lost mutation: You are very clumsy. (Dex -4) [potion of
                  | mutation]
 92339 | Slime:5  | Lost mutation: You occasionally lose the ability to read
                  | scrolls when taking damage. [potion of mutation]
 92339 | Slime:5  | Gained mutation: Your flesh is heat resistant. (rF+)
                  | [potion of mutation]
 92340 | Slime:5  | Lost mutation: You have hidden genetic defects. [potion of
                  | mutation]
 92340 | Slime:5  | Lost mutation: Potions are less effective at restoring your
                  | health. [potion of mutation]
 92340 | Slime:5  | Lost mutation: Armour fits poorly on your strangely shaped
                  | body. [potion of mutation]
 92340 | Slime:5  | Gained mutation: You have a pair of large horns on your
                  | head. [potion of mutation]
 92340 | Slime:5  | Gained mutation: Your flesh is very heat resistant. (rF++)
                  | [potion of mutation]
 92341 | Slime:5  | Lost mutation: Your flesh is very heat resistant. (rF++)
                  | [potion of mutation]
 92341 | Slime:5  | Lost mutation: You are dopey. (Int -2) [potion of mutation]
 92341 | Slime:5  | Lost mutation: You are strong-willed. (Will+) [potion of
                  | mutation]
 92341 | Slime:5  | Lost mutation: Your flesh is heat resistant. (rF+) [potion
                  | of mutation]
 92341 | Slime:5  | Lost mutation: You do not regenerate when monsters are
                  | visible. [potion of mutation]
 92341 | Slime:5  | Gained mutation: Your muscles are strong. (Str +4, Int/Dex
                  | -1) [potion of mutation]
 92591 | D:9      | Lost mutation: You are clumsy. (Dex -2) [potion of
                  | mutation]
 92591 | D:9      | Lost mutation: You have a pair of large horns on your head.
                  | [potion of mutation]
 92591 | D:9      | Gained mutation: You expend magic power (3 MP) to
                  | strengthen your wands. [potion of mutation]
 92591 | D:9      | Gained mutation: You are somewhat resistant to further
                  | mutation. [potion of mutation]
 92959 | Depths:4 | Entered Level 4 of the Depths
 92973 | Depths:4 | Noticed Boris
 92993 | Depths:4 | Killed Boris
 93052 | Depths:4 | Found Iromnok's Antique Armour Shoppe.
 93063 | Depths:4 | Bought a jewelled chain mail for 408 gold pieces
 93063 | Depths:4 | Identified the +7 chain mail of the Ego {Stlth+} (You
                  | bought it in a shop on level 4 of the Depths)
 93411 | Depths:4 | Identified the amulet "Tuogoad" {Acrobat Harm rCorr Int+4
                  | SInv}
 93535 | Depths:4 | Reached skill level 27 in Fighting
 93544 | Depths:4 | Found a transporter.
 93620 | Depths:4 | Identified the +3 short sword of Kismet {flame, +Blink}
 93650 | Depths:4 | Paralysed by a floating eye for 2 turns
 93817 | Depths:4 | Found a transporter.
 93832 | Depths:4 | Reached skill level 27 in Long Blades
 93901 | Depths:4 | Found a one-way gateway to a ziggurat.
 94098 | Depths:4 | Identified the ring "Ralubbu" {rCorr Int+3}
 94161 | Depths:4 | Found a gate to the Realm of Zot.
 94217 | Depths:4 | Noticed Saint Roka
 94265 | Depths:4 | Killed Saint Roka
 94651 | Depths:4 | Identified the ring of Ygrareb {rElec rCorr Str+6}
 94781 | Depths:4 | Identified the -2 hat "Venisoh" {rCorr} (Okawaru gifted it
                  | to you on level 4 of the Depths)
 94781 | Depths:4 | Received a gift from Okawaru
 95011 | Depths:4 | Identified the ring of Pasino Yvou {rPois Will+ Dex+4}
 95865 | Crypt:1  | Entered Level 1 of the Crypt
 95929 | Crypt:1  | Identified the ring "Mocreimp" {Ice Dex+2}
 95929 | Crypt:1  | Noticed Josephina
 95943 | Crypt:1  | Killed Josephina
 96593 | Crypt:2  | Noticed Bai Suzhen
 96603 | Crypt:2  | Killed Bai Suzhen
 97245 | Crypt:2  | Noticed Zenata
 97247 | Crypt:2  | Reached XP level 26. HP: 266/266 MP: 28/28
 97257 | Crypt:2  | Killed Zenata
 97530 | Crypt:2  | Found the +3 giant club "Skullcrusher" {speed, Str+7}
 97868 | Crypt:3  | Entered Level 3 of the Crypt
 98096 | Crypt:3  | Found a staircase to the Tomb.
 98259 | Crypt:3  | Identified the +5 hat "Iqeysaj" {-Tele Fly rElec Str+7}
                  | (Okawaru gifted it to you on level 3 of the Crypt)
 98259 | Crypt:3  | Received a gift from Okawaru
 98395 | Crypt:3  | Reached skill level 10 in Invocations
 98754 | Crypt:3  | Reached skill level 27 in Armour
 98852 | Crypt:3  | Noticed an ancient lich
 98859 | Crypt:3  | Killed an ancient lich
 98950 | Crypt:3  | Identified the +4 whip "Itimiudo" {venom, *Noise rElec rC+
                  | Int+2}
 98979 | Crypt:3  | Reached skill level 5 in Evocations
 99827 | Crypt:3  | Acquired the +2 pair of gloves "Buymal" {rElec rPois Int+4
                  | Stlth+}
100111 | Zot:1    | Entered Level 1 of the Realm of Zot
101275 | Zot:1    | Noticed Vv
101310 | Zot:1    | Killed Vv
103723 | Zot:3    | Found a runed translucent door.
103723 | Zot:3    | Noticed Nabaitto's ghost (master MfGl)
103751 | Zot:3    | Killed Nabaitto's ghost
104383 | D:15     | You paid a toll of +5 ice dragon scales to enter a treasure
                  | trove
104384 | Trove    | Entered a treasure trove
104399 | Trove    | Acquired 1046 gold pieces
104405 | Trove    | Got Utill's Parchment of the Dynamic Oath
104449 | Trove    | Got Lywint's Anthology of the Welkin and the Dead
104457 | Trove    | Got Sif Muna's Collected Works on the Mutagenic Volcanoes
105189 | Zig:1    | Entered Level 1 of a ziggurat
105209 | Zig:2    | Entered Level 2 of a ziggurat
105210 | Zig:2    | Noticed a dread lich
105220 | Zig:2    | Killed a dread lich
105227 | Zig:2    | Identified the +1 battleaxe "Itofe" {distort, Int+4}
105233 | Zig:3    | Entered Level 3 of a ziggurat
105237 | Zig:3    | Noticed Seit the pandemonium lord
105251 | Zig:3    | Killed Seit the pandemonium lord
105272 | Zig:3    | Identified the +2 scale mail of Anarchy {rC+ Dex+4}
105495 | Zig:4    | Entered Level 4 of a ziggurat
105508 | Zig:4    | Paralysed by an air elemental for 1 turns
105544 | Zig:5    | Entered Level 5 of a ziggurat
105576 | Zig:5    | Reached skill level 15 in Invocations
105649 | Zig:6    | Entered Level 6 of a ziggurat
105711 | Zig:6    | Identified the +1 double sword of Pashi {holy, rElec rPois
                  | Int-5 Stlth+}
105712 | Zig:6    | Identified the +2 great sword "Cookie Cutter" {holy, rF+}
105786 | Zig:7    | Entered Level 7 of a ziggurat
105800 | Zig:7    | Paralysed by accursed screaming for 2 turns
105806 | Zig:7    | Paralysed by accursed screaming for 2 turns
105834 | Zig:7    | Paralysed by accursed screaming for 1 turns
105837 | Zig:7    | HP: 7/266 [smoke demon/divine providence (8)]
105842 | Zig:7    | HP: 12/266 [starcursed mass/accursed screaming (7)]
107613 | Zig:8    | Entered Level 8 of a ziggurat
107640 | Zig:8    | Reached XP level 27. HP: 273/273 MP: 26/33
107707 | Zig:8    | Identified the +10 scimitar of the Lonely Places {venom,
                  | rN+ Dex+3 Stlth+}
107711 | Zig:8    | Got the Atlas of Amassed Charms
107718 | Zig:8    | Acquired 941 gold pieces
107953 | Zig:9    | Entered Level 9 of a ziggurat
107971 | Zig:9    | Noticed a royal mummy
107971 | Zig:9    | Noticed a royal mummy
107991 | Zig:9    | Killed a royal mummy
107993 | Zig:9    | HP: 11/271 [death scarab[a royal mummy] (14)]
107994 | Zig:9    | HP: 2/271 [royal mummy/divine providence (10)]
107998 | Zig:9    | Killed by a guardian mummy's death curse

Illustrated notes

Levels and vault maps discovered:
D:1:      erik_arrival_cave_to_civilisation [erik_arrival_cave_to_hall],
          layout_loops_ring
D:2:      layout_rooms, shapermc_ecumenical_altar_petra,
          kennysheep_generic_room_11
D:3:      layout_basic, chequers_serial_rivers_large_a, minmay_misc_feat_tiny,
          minivault_11
D:4:      layout_rooms, kennysheep_mini_moat, temple_green,
          kennysheep_generic_room_9, uniq_pikel, uniq_ijyb
D:5:      layout_loops_corners, mainiacjoe_overflow_tiny_flanked,
          gammafunk_temple_overflow_statue, minmay_misc_feat_hallway
D:6:      layout_loops_ring, mainiacjoe_overflow_cross_hatched, uniq_maggie,
          uniq_eustachio
D:7:      layout_rooms, mainiacjoe_overflow_chevrons,
          mainiacjoe_overflow_24_doors, fedhas_ov_isle_minmay, serial_shops,
          shop, nicolae_take_the_stairs,
          nicolae_shop_temple_entry_statues_fountains, minivault_10, hex_tiny,
          kennysheep_generic_room_12
D:8:      layout_layer_cave, kennysheep_little_box, pf_just_have_faith,
          mainiacjoe_overflow_surrounded_room, enter_bailey_3, uniq_joseph
D:9:      layout_big_octagon, nicolae_hepliaklqana_hazy_memory,
          mainiacjoe_overflow_large_starburst, orc_0_dummy
D:10:     layout_loops_ring, corexii_corridor_pit, hangedman_decor_lopped,
          chequers_serial_rivers_large_b, nicolae_concentric_dashed_squares_mild
D:11:     layout_irregular_city, david_lair_shrubbed, serial_shops,
          shop_fountains, serial_column_ruins, column_ruins_hut,
          column_ruins_hut_pillars, column_ruins_open_medium,
          column_ruins_columns_straight, column_ruins_columns_T,
          column_ruins_columns_straight, column_ruins_open_medium,
          column_ruins_open_tiny, column_ruins_grid_3, hex_large,
          minmay_misc_feat_chi
D:12:     layout_stronghold, statue_in_the_mist_lemuel
D:13:     minmay_chambers_of_sevens, layout_basic,
          portal_ice_cave_demonic_guard, serial_aquarium, aquarium_bridge_square
          [aquarium_subvault_bridge, aquarium_subvault_bridge,
          aquarium_subvault_bridge, aquarium_subvault_wall], aquarium_window_2,
          aquarium_window_2, aquarium_window_corner, aquarium_view_2a,
          aquarium_view_2e, aquarium_balcony_1a, aquarium_pool_2,
          minmay_misc_feat_roman
D:14:     layout_basic, david_vaults_3, dk_noncrumbling_3, serial_shops,
          kennysheep_mini, nicolae_shop_i_like_big_books, uniq_snorg
D:15:     gammafunk_enter_depths_forms, layout_irregular_city,
          trove_entry_hex_spiral, minivault_22, lightli_fourway_metalbox,
          uniq_nessos
Temple:   nicolae_temple_colour_theory
Lair:1:   hellmonk_ruined_rings, layout_regular_city
Lair:2:   mu_elephants_graveyard, layout_cellular_growth,
          spider_nest_entry_rubble, minivault_19, uniq_sonja
Lair:3:   layout_cave_pods, minmay_shoals_entry_centaurs,
          nicolae_volcano_entry_hallway, chequers_serial_rivers_micro_a,
          dreamdust_mushroom_princess, lemuel_fruit_fields,
          serial_bayou_shore_b, uniq_prince_ribbit2
Lair:4:   layout_concentric_octagons, basic_altar, beast_lair_carwin_10,
          grunt_megastairs_5
Lair:5:   minmay_lair_end_enchanted_forest, layout_long_grid, slime_entry_1,
          hibernation_bobbens, serial_bayou_shore_a
Shoals:1: layout_shoals, nicolae_shop_overcharged_wands, uniq_donald,
          uniq_jorgrun
Shoals:2: layout_shoals, uniq_frances
Shoals:3: layout_shoals, ebering_ghost_inner_flame
Shoals:4: shoals_end_hangedman, layout_shoals, serial_shops,
          nicolae_shop_behind_doors, shop,
          nicolae_shop_temple_entry_statues_fountains, shop_statue, shop
Spider:1: nicolae_spider_jumping_over_cracks [nicolae_spider_jumping_sub_stairs,
          nicolae_spider_jumping_sub_plain, nicolae_spider_jumping_sub_lake,
          nicolae_spider_jumping_sub_plain], uniq_kirke
Spider:2: layout_spider_delve, uniq_agnes
Spider:3: layout_spider_delve
Spider:4: hellmonk_spider_rune_endless_swarm, drop_trap
Slime:1:  layout_caves, basic_altar
Slime:2:  layout_caves
Slime:3:  layout_caves, uniq_dissolution
Slime:4:  layout_caves
Slime:5
Orc:1:    layout_caves, basic_altar
Orc:2:    grunt_orc_gardens, layout_caves, grunt_orc_garden, grunt_orc_garden,
          grunt_orc_garden, grunt_orc_garden, nicolae_orc_stony_grotto,
          okawaru_metal_pillars_1_2, uniq_azrael
Elf:1:    layout_loops_corners, serial_shops, nicolae_shop_window_shopping,
          orc_legates, einodemon_armed_red_devil_minivault, minmay_shop_grove,
          uniq_aizul
Elf:2:    nicolae_elf_blades_crystal_corner, layout_loops_ring
Elf:3:    minmay_elf_hall_curves, layout_geoelf_octagon,
          nicolae_elf_glassroom_feature, uniq_mara
Vaults:1: mu_enter_wizlab_5, nicolae_vaults_little_squares_6, v_misc_24,
          hangedman_vaults_restitches, hangedman_vaults_maws,
          ontoclasm_vaults_ring_square, hangedman_vaults_nails,
          ontoclasm_vaults_shuriken, dpeg_vaults_monster_row, v_misc_28,
          nicolae_vaults_asterisk, v_misc_33, nicolae_vaults_specimen_jars,
          ontoclasm_vaults_pinch, grunt_vaults_diagonal,
          layout_vaults_omnicross, serial_shops,
          nicolae_shop_temple_entry_statues_fountains
Vaults:2: vaults_room_glass_cross, nicolae_vaults_asterisk, v_misc_28,
          vaults_dpeg_spiral, v_misc_18, v_misc_24, layout_vaults_omnigrid
Vaults:3: gammafunk_ghost_grave, hangedman_vaults_slice,
          blue_anna_dwarven_crypt, vaults_room_stairs_pillars,
          hangedman_vaults_slice, nicolae_vaults_mini_display_case,
          nicolae_vaults_murderbox, v_pattern_1, v_rooms_5, serial_ice_h,
          vaults_dpeg_ring, hangedman_vaults_variations, layout_vaults_omnibox,
          serial_shops, bzr_entry_islet
Vaults:4: v_pattern_4, nicolae_vaults_little_squares_6, v_alt_pattern_1,
          nicolae_vaults_little_squares_3, nicolae_vaults_rhombus_5,
          nicolae_vaults_three_branches, ontoclasm_vaults_twist,
          nicolae_vaults_little_squares_4, nicolae_vaults_stairing_the_circle,
          v_misc_15, hangedman_vaults_impose, layout_vaults_maze_bifur,
          serial_shops, nicolae_shop_trees
Vaults:5
Crypt:1:  layout_chaotic_city, uniq_josephina
Crypt:2:  layout_misc_corridors, minmay_guarded_unrand_skullcrusher,
          uniq_zenata, uniq_bai_suzhen
Crypt:3:  due_elkab, layout_chaotic_city, tomb_entry_forgotten_bobbens,
          minivault_4
Depths:1: layout_honeycomb, grunt_pan_entry_sceptre,
          kennysheep_decorative_pillar, hell_entry,
          minmay_fractal_squares_gapless_7, serial_bayou_shore_b,
          serial_bayou_shore_b, uniq_sojobo
Depths:2: grunt_house_of_mirrors, layout_basic, rand_demon_pan_entry_8,
          hell_entry, st_stairs_7
Depths:3: grunt_forest_end_shrine, layout_gridville, hell_entry,
          rand_demon_pan_entry_9, minmay_misc_feat_columns,
          hangedman_abyss_entry_splay, uniq_enchantress, uniq_boris
Depths:4: hangedman_spin_cycle, hell_entry
Zot:1:    layout_gridlike, uniq_vv
Zot:2:    layout_misc_corridors, st_single_dragon_hoard_2, st_stairs_6,
          grunt_megastairs_4
Zot:3:    layout_gridlike, hellmonk_ghost_happy_afterlife
Zig:9

Skill      XL: |  1  2  3  4  5  6  7  8  9 10 11 12 13 14 15 16 17 18 19 20 21 22 23 24 25 26 27 |
---------------+----------------------------------------------------------------------------------+-----
Armour         | 4 5 7 8 9 10 11 12 13 14 15 16 17 18 19 20 22 26 27 | 27.0
Fighting       | 4 5 6 7 8 9 10 11 13 14 15 16 18 19 20 22 24 26 27 | 27.0
Shields        | 4 5 6 7 9 11 13 15 17 19 21 23 25 26 27 | 27.0
Long Blades    | 3 4 6 7 8 10 12 14 15 16 17 18 19 20 21 23 24 26 27 | 27.0
Dodging        | 1 2 3 4 5 6 7 8 |  8.7
Invocations    | 1 2 3 4 6 9 15 16 | 16.4
Polearms       | 2 7 9 10 | 10.8
Evocations     | 1 2 3 8 |  8.7
Stealth        | 1 2 3 4 |  4.3

Action                   |  1- 3 |  4- 6 |  7- 9 | 10-12 | 13-15 | 16-18 | 19-21 | 22-24 | 25-27 || total
-------------------------+-------+-------+-------+-------+-------+-------+-------+-------+-------++-------
Melee: Long sword        |    78 |   119 |   298 |   166 |       |       |       |       |       ||   661
       Headbutt          |    11 |    23 |    60 |   215 |   583 |   699 |   381 |   665 |   570 ||  3207
       Spear             |       |       |       |   624 |   208 |       |       |       |       ||   832
       Demon blade       |       |       |       |       |   766 |       |       |       |       ||   766
       Scimitar          |       |       |       |       |   808 |  1491 |       |       |       ||  2299
       Double sword      |       |       |       |       |   132 |   967 |  1269 |  1999 |  1610 ||  5977
Invok: Heroism           |       |       |     5 |     8 |    20 |    26 |    14 |    47 |    24 ||   144
       Finesse           |       |       |       |       |       |       |       |     8 |     7 ||    15
Evoke: Wand              |       |       |     2 |    13 |     7 |    12 |       |       |    10 ||    44
  Use: Scroll            |     2 |     1 |     6 |     5 |    16 |    13 |    14 |    19 |    17 ||    93
       Potion            |     2 |       |       |     2 |     4 |    14 |    11 |     5 |    10 ||    48
 Stab: Held in net/web   |       |       |       |       |       |     1 |       |       |       ||     1
       Invisible         |       |       |       |       |       |       |       |     3 |       ||     3
       Confused          |       |       |       |       |       |       |       |       |     1 ||     1
Armor: Scale mail        |    16 |       |       |       |       |       |       |       |       ||    16
       Chain mail        |    27 |    53 |    35 |       |       |   196 |   224 |   104 |       ||   639
       Plate armour      |       |       |    33 |   295 |   494 |   192 |       |       |       ||  1014
       Crystal plate arm |       |       |       |       |       |   246 |   134 |   203 |       ||   583
       Skin              |       |       |       |       |       |       |     1 |       |       ||     1
       Gold dragon scale |       |       |       |       |       |       |       |   331 |   675 ||  1006
Dodge: Dodged            |    29 |    43 |    81 |   147 |   277 |   419 |   260 |   448 |   389 ||  2093
Block: Buckler           |    21 |    68 |    79 |       |       |       |       |       |       ||   168
       Reflection        |       |     1 |     2 |    12 |    43 |   187 |    91 |    98 |    39 ||   473
       Tower shield      |       |       |   122 |   979 |  2239 |  3483 |  1837 |  2633 |  2021 || 13314
